 Dungeon Crawl Stone Soup version 0.30-a0-949-g53dc5368d7 (webtiles) character file.

Game seed: 6401177504838874974

427 mopl the Cudgeller (level 6, -5/40 HPs)
             Began as a Gargoyle Fighter on Mar 27, 2023.
             Slain by Duvessa
             ... wielding a +0 short sword
              (8 damage)
             ... on level 5 of the Dungeon.
             The game lasted 00:03:51 (2444 turns).

mopl the Cudgeller (Gargoyle Fighter)               Turns: 2444, Time: 00:03:52

Health: -5/40      AC: 14    Str: 19    XL:     6   Next: 97%
Magic:  6/6        EV:  7    Int:  9    God:
Gold:   204        SH:  5    Dex: 17    Spells: 5/5 levels left

rFire   . . .      SeeInvis .    u - +1 war axe (elec)
rCold   . . .      Faith    .    c - +0 buckler
rNeg    + . .      Spirit   .    y - +0 chain mail
rPois   ∞          Reflect  .    G - +0 helmet
rElec   +          Rampage  .    (no cloak)
rCorr   .                        (no gloves)
Will    .....                    (no boots) Stlth
                                 j - amulet of regeneration
HPRegen 1.06/turn                r - +6 ring of dexterity
MPRegen 0.10/turn                (no ring)

@: no status effects
A: sickness immunity, AC +4, negative energy resistance 1, electricity
resistance, torment resistance 1, petrification resistance
a: no special abilities


You were on level 5 of the Dungeon.
You visited 1 branch of the dungeon, and saw 5 of its levels.

You collected 204 gold pieces.

Inventory:

Hand Weapons
 a - a +0 flail
 u - a +1 war axe of electrocution (weapon)
 x - a +2 spear of venom
 E - a +0 broad axe
Missiles
 f - 2 javelins (quivered)
 t - 10 poisoned darts
Armour
 c - a +0 buckler (worn)
 y - a +0 chain mail (worn)
 G - a +0 helmet (worn)
Jewellery
 j - an amulet of regeneration (around neck)
 r - a +6 ring of dexterity (left hand)
 H - an amulet of the acrobat
Wands
 b - a wand of paralysis (5)
Scrolls
 g - 5 scrolls of identify {unknown}
 h - 4 scrolls of poison {unknown}
 i - 2 scrolls of amnesia {unknown}
 k - 2 scrolls of enchant armour {unknown}
 l - a scroll of immolation {unknown}
 m - 2 scrolls of fear {unknown}
 o - 2 scrolls of teleportation {unknown}
 p - a scroll of noise {unknown}
 q - a scroll of fog {unknown}
 s - a scroll of brand weapon {unknown}
 F - a scroll of magic mapping {unknown}
Potions
 d - a potion of might
 e - 2 potions of curing {unknown}
 n - 2 potions of heal wounds {unknown}
 v - a potion of invisibility {unknown}
 w - a potion of resistance {unknown}
 z - a potion of magic {unknown}
 A - a potion of ambrosia {unknown}
 B - a potion of degeneration {unknown}
 C - 2 potions of flight {unknown}
 D - 2 potions of brilliance {unknown}


   Skills:
 - Level 5.2 Fighting
 * Level 1.7(3.7) Axes
 - Level 5.7(5.9) Maces & Flails
 - Level 3.2 Armour
 - Level 3.2 Shields


You had 5 spell levels left.
You didn't know any spells.
Your spell library contained the following spells:

 Spells                   Type           Power      Damage    Failure   Level
 Necrotise                Necr           0%         1d4       99%         1
 Ensorcelled Hibernation  Hex/Ice        0%         N/A       100%        2
 Passwall                 Tmut/Erth      0%         N/A       100%        2
 Poisonous Vapours        Pois/Air       0%         N/A       100%        2
 Mephitic Cloud           Conj/Pois/Air  0%         N/A       100%        3
 Swiftness                Air            0%         N/A       100%        3
 Vampiric Draining        Necr           0%         2d6       100%        3
 Agony                    Necr           0%         N/A       100%        5
 Cigotuvi's Dreadful Rot  Necr/Pois/Air  Unusable   N/A       N/A         2

Dungeon Overview and Level Annotations

Branches:
Dungeon (5/15)
 Temple: D:4-7

Altars:
Elyvilon
Gozag
Qazlal
Trog
The Shining One

Shops:
D:3 (

Annotations:
D:5 Duvessa


Innate Abilities, Weirdness & Mutations

You are immune to sickness and miasma.
Your stone body is resilient. (AC +4)
You are immune to poison.
You resist negative energy. (rN+)
You are resistant to electric shocks. (rElec)
You are resistant to unholy torment.
You are immune to petrification.


Message History

You slash Dowan!
You kill Dowan!
Duvessa screams in rage.
Duvessa goes berserk!
You hit Duvessa but do no damage. Duvessa hits you with a +0 short sword!
Duvessa hits you but does no damage.
Your base Axes skill increases to level 1!
Unknown command.
You are too injured to fight recklessly!
Unknown command.
You are too injured to fight recklessly!
Unknown command.
You are too injured to fight recklessly!
You hit Duvessa but do no damage.
Duvessa is heavily wounded.
Duvessa hits you with a +0 short sword!
* * * LOW HITPOINT WARNING * * *
You block Duvessa's attack.
You hit Duvessa.
Duvessa is heavily wounded.
You block Duvessa's attack. Duvessa completely misses you.
Aiming: Paralyse
Press: ? - help, Shift-Dir - straight line, f - Duvessa
Aim: Duvessa, wielding a +0 short sword and wearing a +0 ring mail (heavily wounded, berserk, chance to affect: 31%) Duvessa easily resists.
You block Duvessa's attack.
Aiming: Paralyse
Press: ? - help, Shift-Dir - straight line, f/p - Duvessa
Aim: Duvessa, wielding a +0 short sword and wearing a +0 ring mail (heavily wounded, berserk, chance to affect: 31%) Duvessa easily resists.
You block Duvessa's attack. Duvessa hits you with a +0 short sword.
* * * LOW HITPOINT WARNING * * *
Aiming: Paralyse
Press: ? - help, Shift-Dir - straight line, f/p - Duvessa
Aim: Duvessa, wielding a +0 short sword and wearing a +0 ring mail (heavily wounded, berserk, chance to affect: 31%) Duvessa easily resists.
Duvessa hits you but does no damage.
Unknown command.
Aiming: Paralyse
Press: ? - help, Shift-Dir - straight line, f/p - Duvessa
Aim: Duvessa, wielding a +0 short sword and wearing a +0 ring mail (heavily wounded, berserk, chance to affect: 31%) Duvessa easily resists.
Duvessa hits you with a +0 short sword!
You die...

..# ...# ....#
.....# #
......############.
.....>.#...........
#.........#
#.....e)..+
#.....@..#
#........#
#.....$..#
#........#
#........#
##########


You could see Duvessa (berserk).

Vanquished Creatures
  A black bear (D:4)
  Dowan (D:5)
  A jelly (D:4)
  Ijyb (D:3)
  Jessica (D:3)
  Terence (D:3)
  4 gnolls (D:3)
  5 adders
  2 worms (D:2)
  2 dart slugs
  3 orcs
  8 ball pythons
  3 bats
  6 endoplasms
  2 giant cockroaches
  8 hobgoblins
  6 jackals
  10 kobolds
  2 quokkas
  3 frilled lizards
  8 goblins
  4 rats
82 creatures vanquished.

Vanquished Creatures (others)
  2 fungi (D:3)
2 creatures vanquished.

Grand Total: 84 creatures vanquished

Notes
Turn   | Place    | Note
-------+----------+-------------------------------------------
     0 | D:1      | mopl the Gargoyle Fighter began the quest for the Orb.
     0 | D:1      | Reached XP level 1. HP: 14/14 MP: 1/1
    45 | D:1      | Reached XP level 2. HP: 19/19 MP: 2/2
   244 | D:1      | Reached skill level 3 in Maces & Flails
   263 | D:1      | Reached XP level 3. HP: 21/24 MP: 3/3
   929 | D:2      | Reached skill level 4 in Fighting
   931 | D:2      | Reached XP level 4. HP: 29/29 MP: 4/4
  1262 | D:3      | Found a white marble altar of Elyvilon.
  1268 | D:3      | Noticed Terence
  1282 | D:3      | Killed Terence
  1283 | D:3      | Reached skill level 4 in Maces & Flails
  1342 | D:3      | Found a glowing golden altar of the Shining One.
  1348 | D:3      | Reached XP level 5. HP: 27/34 MP: 5/5
  1391 | D:3      | Noticed Ijyb
  1405 | D:3      | Paralysed by Ijyb for 5 turns
  1412 | D:3      | Paralysed by Ijyb for 2 turns
  1414 | D:3      | Killed Ijyb
  1437 | D:3      | Identified the +0 leather armour "Galox" {Int+3}
  1438 | D:3      | Found Ekoor's Weapon Shoppe.
  1463 | D:3      | Noticed Jessica
  1469 | D:3      | Killed Jessica
  1738 | D:4      | Noticed a black bear
  1743 | D:4      | Reached skill level 5 in Maces & Flails
  1743 | D:4      | Reached XP level 6. HP: 40/40 MP: 6/6
  1744 | D:4      | Killed a black bear
  1745 | D:4      | Reached skill level 5 in Fighting
  1954 | D:4      | You fall into a shaft and drop 1 floor!
  1954 | D:5      | Entered Level 5 of the Dungeon
  2158 | D:4      | Found a bloodstained altar of Trog.
  2294 | D:4      | Found an opulent altar of Gozag.
  2294 | D:4      | Found a stormy altar of Qazlal.
  2433 | D:5      | Noticed Duvessa
  2433 | D:5      | Noticed Dowan
  2438 | D:5      | Killed Dowan
  2439 | D:5      | Reached skill level 1 in Axes
  2439 | D:5      | HP: 1/40 [Duvessa/+0 short sword (14)]
  2444 | D:5      | Slain by Duvessa

Illustrated notes

Levels and vault maps discovered:
D:1:      matt_arrival_los_fun, layout_basic, minmay_misc_feat_cross
D:2:      layout_loops_ring, minmay_cut_off
D:3:      layout_rooms, old_standard_altar, mainiacjoe_overflow_boulevard,
          serial_shops, nicolae_shop_bloodbath_and_beyond, columned_hall_lemuel,
          minmay_bisected, uniq_jessica, uniq_terence, uniq_ijyb
D:4:      layout_loops_cross, trog_hazing_becter,
          gammafunk_temple_overflow_elements
D:5:      layout_basic, uniq_duvessa, uniq_edmund, uniq_grinder

Skill      XL: |  1  2  3  4  5  6 |
---------------+-------------------+-----
Maces & Flails | 3 4 5 |  5.7
Fighting       | 4 5 |  5.2
Axes           | 1 |  1.7
Armour         | |  3.2
Shields        | |  3.2

Action                     |  1- 3 |  4- 6 || total
---------------------------+-------+-------++-------
  Melee: Flail             |   102 |    26 ||   128
         War axe           |       |   106 ||   106
  Evoke: Wand              |       |     4 ||     4
 Armour: Scale mail        |    46 |    20 ||    66
         Chain mail        |       |    71 ||    71
  Dodge: Dodged            |    34 |    54 ||    88
  Block: Buckler           |    25 |    44 ||    69

Table legend: (Time is in decaauts)
 A = Elapsed time spent in this place.
 B = Non-inter-level travel time spent in this place.
 C = Inter-level travel time spent in this place.
 D = Time resting spent in this place.
 E = Time spent auto-exploring this place.
 F = Levels seen in this place.
 G = Mean time per level.
                   A        B        C        D        E       F      G
               +--------+--------+--------+--------+--------+-----+--------+
         Total |   2520 |   2395 |    125 |      0 |   1761 |   5 |  504.0 |
       Dungeon |   2520 |   2395 |    125 |      0 |   1761 |   5 |  504.0 |
               +--------+--------+--------+--------+--------+-----+--------+

Top non-repeatable levels by time:
     D:4: 771 daAuts
     D:2: 651 daAuts
     D:3: 542 daAuts
     D:1: 530 daAuts
     D:5: 24 daAuts
